 Dungeon Crawl Stone Soup version 0.29.1-2-gbd0b4ee654 (webtiles) character file.

Game seed: 1329632719375013034

6 Sabo the Trooper (level 1, 18/18 HPs)
             Began as a Demonspawn Fighter on Nov 24, 2022.
             Was a Follower of Vehumet.
             Got out of the dungeon alive.
             The game lasted 00:01:39 (430 turns).

Sabo the Trooper (Demonspawn Fighter)                Turns: 430, Time: 00:01:40

Health: 18/18      AC:  6    Str: 16    XL:     1   Next: 75%
Magic:  1/1        EV:  8    Int:  9    God:    Vehumet [*.....]
Gold:   9          SH:  4    Dex: 12    Spells: 0/0 levels left

rFire   . . .      SeeInvis .   a - +0 war axe
rCold   . . .      Faith    .   c - +0 buckler
rNeg    . . .      Spirit   .   b - +0 scale mail
rPois   .          Reflect  .   (no helmet)
rElec   .          Harm     .   (no cloak)
rCorr   .          Rampage  .   (no gloves)
Will    .....                   (no boots)
Stlth   ..........              (no amulet)
HPRegen 0.06/turn               (no ring)
MPRegen 0.07/turn               (no ring)

@: no status effects
A: no striking features
a: Renounce Religion


You escaped.
You worshipped Vehumet.
Vehumet was aware of your devotion.
You visited 1 branch of the dungeon, and saw 1 of its levels.

You collected 9 gold pieces.

Inventory:

Hand Weapons
 a - a +0 war axe (weapon)
Armour
 b - a +0 scale mail (worn)
 c - a +0 buckler (worn)
Jewellery
 g - a ring of ice
Scrolls
 e - a scroll of fear {unknown}
Potions
 d - a potion of might
 f - a potion of haste {unknown}


   Skills:
 + Level 3.1 Fighting
 + Level 1.8 Axes
 + Level 2.8 Armour
 + Level 2.8 Shields


You couldn't memorise any spells.
You didn't know any spells.
Your spell library contained the following spells:

 Spells                   Type           Power      Damage    Failure   Level
 Magic Dart               Conj           0%         1d3       88%         1
 Frozen Ramparts          Ice            0%         1d1       99%         3
 Ice Form                 Ice/Tmut       0%         N/A       100%        4
 Summon Ice Beast         Ice/Summ       0%         N/A       100%        4


Dungeon Overview and Level Annotations

Branches:
Dungeon (1/15)

Altars:
Vehumet


Message History

The bat completely misses you. You block the bat's attack. The bat hits you.
You closely miss the bat. The bat hits you but does no damage.
The bat barely misses you. The bat hits you but does no damage.
The bat closely misses you.
You barely miss the bat. The bat hits you but does no damage.
The bat barely misses you.
You slash the bat!
You kill the bat!
You start resting.
HP restored.
A rat comes into view.
Found a mace.
Found a faded altar of an unknown god.
Found a tubular ruby ring.
You barely miss the rat. The rat bites you.
You slash the rat!
You kill the rat!
You start resting.
HP restored.
You enter the shallow water.
Moving in this stuff is going to be slow.
f - a murky puce potion
There is a faded altar of an unknown god here.
You cannot tell which god this altar belongs to.
Convert to them anyway?
Vehumet accepts your prayer! Vehumet welcomes you!
You can now gain magical power from killing.
Vehumet offers you knowledge of Magic Dart.
You slash the plant!
The plant begins to die.
The plant is lightly damaged.
You hit the plant.
The plant begins to die.
A nearby plant withers and dies.
A nearby plant withers and dies.
Found a stone staircase leading down.
g - a ring of ice
There is an open door here.
There is a staircase leading out of the dungeon here.
There is a staircase leading out of the dungeon here.
You can't go down here!
Are you sure you want to leave the Dungeon?
This will make you lose the game!
You have escaped!

#########.#####.#.# #
#####............##.#.####
#......##..##.............
#.#######'######........##
..#.####.###[........#...#....###
...........#.........##.##.......
..#.####...#..⌠...⌠..##.##[.#.##.
##.##.........#........##.
#..'....@....'.###.##.##.
####.........####...#....
#..⌠...⌠..# #...####. #######
#.........# #...# #. #.....#
#.........####...#####
#.....#######'#####...........
#.....................[....#..
#.....##...##.####............
#.....######..# #####...####.


There were no monsters in sight!

Vanquished Creatures
  A ball python (D:1)
  A giant cockroach (D:1)
  A quokka (D:1)
  A bat (D:1)
  2 rats (D:1)
6 creatures vanquished.

Vanquished Creatures (others)
  5 plants (D:1)
5 creatures vanquished.

Grand Total: 11 creatures vanquished

Notes
Turn   | Place    | Note
-------+----------+-------------------------------------------
     0 | D:1      | Sabo the Demonspawn Fighter began the quest for the Orb.
     0 | D:1      | Reached XP level 1. HP: 18/18 MP: 1/1
   335 | D:1      | Found a faded altar of an unknown god.
   389 | D:1      | Prayed at the altar of an unknown god.
   389 | D:1      | Became a worshipper of Vehumet
   389 | D:1      | Reached * piety under Vehumet
   389 | D:1      | Offered knowledge of Magic Dart by Vehumet.
   430 | D:$      | Got out of the dungeon alive.

Illustrated notes

Levels and vault maps discovered:
D:1:      mushboom_english_gardens, layout_loops_cross,
          shapermc_ecumenical_altar_mp_ritualfount, minmay_pentomino_z4

Action                   || total
-------------------------++-------
Melee: War axe           ||    16
Armor: Scale mail        ||     6
Dodge: Dodged            ||     7
Block: Buckler           ||     3
